[Event "fics rated crazyhouse match"]
[Site "fics, Oklahoma City, OK USA"]
[Date "2000.09.30"]
[White "Igy"]
[WhiteElo "2353"]
[Black "JKiller"]
[BlackElo "2544"]
[TimeControl "120+0"]
[Result "0-1"]

1. e4 e6 2. Nc3 Nc6 3. d4 d5 4. e5 Nge7 5. Nh3 Nf5 6. Be3 
Be7 7. Be2 O-O 8. O-O f6 9. exf6 Bxf6 10. P@e5 Nxe5 11. dxe5 Bxe5 
12. Bf4 Bxf4 13. Nxf4 B@h6 14. B@e5 P@f6 15. Ncxd5 fxe5 16. P@g6 exf4 17. gxh7+ 
Kxh7 18. P@g6+ Kxg6 19. N@e5+ Kh7 20. Nxf4 Bxf4 21. Qxd8 Rxd8 22. P@g6+ Kg8 
23. Q@h7+ Kf8 24. Rad1 P@d6 25. Bg4 Bxe5 26. Bxf5 exf5 27. Qh8+ B@g8 28. N@h7+ 
Ke7 29. Rfe1 B@e4 30. Rxe4 fxe4 31. B@h4+ P@f6 32. Qxg7+ P@f7 33. Nxf6 N@h3+ 
34. gxh3 N@f3+ 35. Kf1 P@g2# 
{Igy forfeits on time} 0-1

[Event "fics rated crazyhouse match"]
[Site "fics, Oklahoma City, OK USA"]
[Date "2000.09.30"]
[White "JKiller"]
[WhiteElo "2549"]
[Black "Igy"]
[BlackElo "2349"]
[TimeControl "120+0"]
[Result "1-0"]

1. e4 Nf6 2. Nc3 d5 3. exd5 Nxd5 4. d4 e6 5. Nxd5 exd5 6. Bb5+ 
P@c6 7. Qe2+ N@e4 8. Bd3 Bf5 9. N@g3 Bb4+ 10. P@c3 Bxc3+ 11. bxc3 P@g6 
12. Nxf5 gxf5 13. B@g5 f6 14. B@h5+ Kf8 15. Bxe4 dxe4 16. N@f7 Qe7 17. Nxh8 
fxg5 18. R@f7+ Qxf7 19. Bxf7 N@f6 20. Q@d8# 
{Igy resigns} 1-0

[Event "fics rated crazyhouse match"]
[Site "fics, Oklahoma City, OK USA"]
[Date "2000.09.30"]
[White "Igy"]
[WhiteElo "2345"]
[Black "JKiller"]
[BlackElo "2554"]
[TimeControl "120+0"]
[Result "0-1"]

1. e4 e6 2. Nc3 Nc6 3. d4 d5 4. exd5 exd5 5. Nf3 Bb4 6. Bb5 
Qe7+ 7. Ne5 P@d6 8. O-O dxe5 9. Nxd5 exd4 10. Nxe7 Bxe7 11. Qxd4 N@e2+ 
12. Bxe2 Nxd4 13. Bh5 Nf6 14. Bxf7+ Kxf7 15. N@e5+ Ke8 16. P@f7+ Kd8 17. Rd1 
N@e2+ 18. Kh1 P@h3 19. Q@e8+ Nxe8 20. fxe8=Q+ Kxe8 21. P@f7+ Kd8 22. N@c6+ bxc6 
23. Nxc6+ Kd7 24. Rxd4+ Nxd4 25. N@e5+ Ke6 26. P@f5+ Nxf5 27. P@d5+ Kxd5 28. c4+ 
Kd6 29. c5+ Ke6 30. Nd4+ Kxe5 31. Bf4+ Kd5 32. Rd1 hxg2+ 33. Kxg2 Q@g4+ 
34. Kf1 Q@g1# 
{Igy checkmated} 0-1

[Event "fics rated crazyhouse match"]
[Site "fics, Oklahoma City, OK USA"]
[Date "2000.09.30"]
[White "JKiller"]
[WhiteElo "2558"]
[Black "Igy"]
[BlackElo "2341"]
[TimeControl "120+0"]
[Result "1-0"]

1. e4 Nf6 2. Nc3 Nc6 3. d4 e5 4. dxe5 Nxe5 5. P@d4 Neg4 6. e5 
d5 7. exf6 Qxf6 8. Bb5+ P@c6 9. Qe2+ P@e4 10. Nxd5 Qd6 11. Qxe4+ Be7 
12. Nxe7 Qxe7 13. Qxe7+ Kxe7 14. B@a3+ N@d6 15. Bxd6+ cxd6 16. P@e5 B@b4+ 17. P@c3 
cxb5 18. N@d5# 
{Igy resigns} 1-0

[Event "fics rated crazyhouse match"]
[Site "fics, Oklahoma City, OK USA"]
[Date "2000.09.30"]
[White "Igy"]
[WhiteElo "2337"]
[Black "JKiller"]
[BlackElo "2562"]
[TimeControl "120+0"]
[Result "1-0"]

1. e4 e6 2. Nc3 Nc6 3. d4 d5 4. exd5 exd5 5. Bb5 Bb4 6. Nf3 
Qe7+ 7. Ne5 Bxc3+ 8. bxc3 P@d6 9. Bxc6+ bxc6 10. O-O dxe5 11. dxe5 Qxe5 
12. B@f4 Qe7 13. N@h5 B@f6 14. Re1 N@e4 15. P@g5 N@e6 16. gxf6 Ngxf6 17. Nxg7+ 
Nxg7 18. P@g5 Ne6 19. gxf6 Qxf6 20. P@g5 Qf5 21. Rxe4 dxe4 22. N@f6+ Kf8 
23. B@h6+ P@g7 24. Bxg7+ Kxg7 25. P@h6+ Kf8 26. Ba3+ N@e7 27. Bxe7+ Kxe7 28. Bxc7 
Qxg5 29. N@g8+ Rxg8 30. Nxg8+ Qxg8 31. Qd6+ Kf6 32. Qe5+ Kg6 33. N@h4+ Kxh6 
34. R@h5# 
{JKiller checkmated} 1-0

[Event "fics rated crazyhouse match"]
[Site "fics, Oklahoma City, OK USA"]
[Date "2000.09.30"]
[White "JKiller"]
[WhiteElo "2548"]
[Black "Igy"]
[BlackElo "2350"]
[TimeControl "120+0"]
[Result "1-0"]

1. e4 Nf6 2. Nc3 Nc6 3. d4 e5 4. dxe5 Nxe5 5. P@d4 Ng6 6. Nf3 
Bb4 7. Bc4 d5 8. exd5 Nxd5 9. Qe2+ P@e6 10. Bd2 Bxc3 11. bxc3 N@f4 
12. Bxf4 Ngxf4 13. Qf1 Nxc3 14. B@b4 P@b2 15. Bxc3 bxa1=Q+ 16. Bxa1 R@b1+ 17. Kd2 
B@b4+ 18. P@c3 Rxf1 19. Bxf1 P@e4 20. cxb4 exf3 21. gxf3 N@b1+ 22. Kc1 Na3 
23. R@b3 e5 24. Rxa3 exd4 25. Bb5+ c6 26. P@c7 Qxc7 27. Bxd4 cxb5 28. P@d6 
Qxd6 29. B@c5 Ne2+ 30. Kb1 P@d2 31. N@d3 Q@c1+ 32. Nxc1 dxc1=Q+ 33. Rxc1 N@d2+ 
34. Ka1 Nxc1 35. Q@b2 P@c3 36. Bxc3 Nc4 37. Bxd6 Nxd6 38. Q@e5+ R@e6 39. N@c7+ 
Kd7 40. Nxe6 fxe6 41. N@c5+ Kc7 42. Nxe6+ Kb8 43. R@e7 Bd7 44. Qxd6# 
{Igy forfeits on time} 1-0

[Event "fics rated crazyhouse match"]
[Site "fics, Oklahoma City, OK USA"]
[Date "2000.09.30"]
[White "Igy"]
[WhiteElo "2346"]
[Black "JKiller"]
[BlackElo "2552"]
[TimeControl "120+0"]
[Result "0-1"]

1. e4 e6 2. Nc3 Nc6 3. d4 Nf6 4. e5 Nd5 5. Nxd5 exd5 6. Nf3 
d6 7. Bb5 N@e4 8. O-O a6 9. Bxc6+ bxc6 10. N@g5 B@h5 11. N@f4 Bxf3 
12. Nxf3 dxe5 13. Nxe5 P@g4 14. Nxc6 Qd6 15. B@a4 Bd7 16. P@e5 Qxc6 17. Bxc6 
Bxc6 18. Qxg4 N@h6 19. Qe2 B@e6 20. P@f3 N@f5 21. Nxe6 fxe6 22. Bxh6 Nxh6 
23. fxe4 dxe4 24. B@h5+ P@g6 25. Bg4 B@f7 26. N@g5 Nxg4 27. Nxf7 B@f3 28. N@d6+ 
cxd6 29. Nxd6+ Bxd6 30. P@f7+ Kxf7 31. B@h3 N@f5 32. Q@f4 Bxe2 33. Bxg4 N@f3+ 
34. Bxf3 Bxf3 35. N@g5+ Ke8 36. P@f7+ Kd8 37. Nxf3 N@e2+ 38. Kh1 exf3 39. N@b7+ 
Bxb7 40. Qxf3 Kc8 41. Qxb7+ Kxb7 42. P@a5 Ka7 43. B@d5 Kb8 
{Igy forfeits on time} 0-1

[Event "fics rated crazyhouse match"]
[Site "fics, Oklahoma City, OK USA"]
[Date "2000.09.30"]
[White "JKiller"]
[WhiteElo "2556"]
[Black "Igy"]
[BlackElo "2342"]
[TimeControl "120+0"]
[Result "0-1"]

1. e4 Nf6 2. Nc3 Nc6 3. d4 e5 4. dxe5 Nxe5 5. P@d4 Ng6 6. e5 
Ng8 7. Bc4 d6 8. Nf3 dxe5 9. Bxf7+ Kxf7 10. P@h5 P@f6 11. hxg6+ hxg6 
12. dxe5 Qxd1+ 13. Kxd1 B@g4 14. N@d8+ Ke7 15. Q@f7+ Kxd8 16. Qxf8+ Q@e8 17. Qxe8+ 
Kxe8 18. Re1 Bxf3+ 19. gxf3 Q@d4+ 20. Q@d2 Qxd2+ 21. Bxd2 P@e6 22. B@d3 Q@f7 
23. B@a4+ P@c6 24. P@d5 N@d8 25. exf6 gxf6 26. dxe6 Bxe6 27. P@d5 Kf8 28. dxe6 
Nxe6 29. B@a3+ P@d6 30. P@f5 gxf5 31. Bxf5 P@g6 32. Bxe6 Qe7 33. P@f7 Nh6 
34. N@d7+ Kg7 35. Bxh6+ Rxh6 36. N@e8+ Rxe8 37. fxe8=Q Qxe8 38. R@f7+ Qxf7 39. Bxf7 
R@d4+ 40. Ke2 N@g8 41. Ke3 N@f5+ 42. Ke2 Rd2# 
{JKiller forfeits on time} 0-1

[Event "fics rated crazyhouse match"]
[Site "fics, Oklahoma City, OK USA"]
[Date "2000.09.30"]
[White "Igy"]
[WhiteElo "2354"]
[Black "JKiller"]
[BlackElo "2543"]
[TimeControl "120+0"]
[Result "0-1"]

1. e4 e6 2. Nc3 Nc6 3. d4 Nf6 4. e5 Nd5 5. Nxd5 exd5 6. Nf3 
d6 7. Bb5 N@e4 8. O-O a6 9. Ba4 Bd7 10. Bf4 dxe5 11. Bxc6 bxc6 
12. Nxe5 P@f6 13. Nxd7 Qxd7 14. P@f3 N@e6 15. B@h3 Nd6 16. Re1 B@f5 17. Bxf5 
Nxf5 18. N@c5 Bxc5 19. dxc5 B@e4 20. fxe4 Nxf4 21. exd5+ B@e5 22. dxc6 Qxd1 
23. P@d7+ Kf8 24. Raxd1 N@h3# 
{Igy resigns} 0-1

[Event "fics rated crazyhouse match"]
[Site "fics, Oklahoma City, OK USA"]
[Date "2000.09.30"]
[White "JKiller"]
[WhiteElo "2547"]
[Black "Igy"]
[BlackElo "2350"]
[TimeControl "120+0"]
[Result "1-0"]

1. e4 Nf6 2. Nc3 d5 3. exd5 Nxd5 4. d4 e6 5. Nxd5 exd5 6. Bb5+ 
Bd7 7. Qe2+ P@e4 8. N@e5 Bxb5 9. Qxb5+ B@c6 10. Nxc6 bxc6 11. Qb7 N@b6 
12. B@g3 N@d6 13. Bxd6 Bxd6 14. P@c5 B@c8 15. Qxa8 Nxa8 16. cxd6 cxd6 17. N@h5 
Rg8 18. B@g5 P@f6 19. Bgf4 Bg4 20. B@e2 Bxe2 21. Nxe2 B@g4 22. Nxg7+ Rxg7 
23. R@h8+ Ke7 24. Rxd8 Kxd8 25. P@e7+ Kxe7 26. Bxd6+ Kxd6 27. Bf4+ P@e5 28. dxe5+ 
fxe5 29. Bxe5+ Kxe5 30. B@f4# 
{Igy resigns} 1-0

[Event "fics rated crazyhouse match"]
[Site "fics, Oklahoma City, OK USA"]
[Date "2000.09.30"]
[White "Igy"]
[WhiteElo "2346"]
[Black "JKiller"]
[BlackElo "2551"]
[TimeControl "120+0"]
[Result "0-1"]

1. e4 e6 2. Nc3 Nc6 3. d4 Nf6 4. Bg5 Be7 5. Nf3 d6 6. Bd3 
h6 7. Bh4 Ng4 8. Bxe7 Qxe7 9. O-O B@h5 10. B@e2 Nf6 11. Bb5 e5 
12. Bxc6+ bxc6 13. dxe5 dxe5 14. P@d5 cxd5 15. Nxd5 Nxd5 16. exd5 O-O 17. N@g3 
Bxf3 18. Bxf3 N@h4 19. B@a3 P@d6 20. N@e4 Nxf3+ 21. Qxf3 B@g4 22. Qc3 B@h4 
23. P@c6 Bxg3 24. hxg3 N@e2+ 25. Kh2 Nxc3 26. bxc3 N@f3+ 27. gxf3 Q@h3+ 28. Kg1 
P@g2 29. B@h2 Bxf3 30. Rfe1 Bxe4 31. N@d2 N@f3+ 32. Nxf3 Bxf3 
{Igy forfeits on time} 0-1

[Event "fics rated crazyhouse match"]
[Site "fics, Oklahoma City, OK USA"]
[Date "2000.09.30"]
[White "JKiller"]
[WhiteElo "2555"]
[Black "Igy"]
[BlackElo "2342"]
[TimeControl "120+0"]
[Result "0-1"]

1. e4 Nf6 2. Nc3 d5 3. exd5 Nxd5 4. d4 e6 5. Nf3 Bb4 6. Bd2 
P@a3 7. Nxd5 Bxd2+ 8. Qxd2 axb2 9. B@a4+ B@c6 10. Bxc6+ Nxc6 11. Nxc7+ Qxc7 
12. Rd1 N@e4 13. Qe3 B@c3+ 14. P@d2 Bxd2+ 15. Nxd2 Nxd2 16. Qxd2 N@e4 17. N@b5 
Qd7 18. N@c7+ Kf8 19. B@a3+ P@b4 20. Bxb4+ Nxb4 21. Qxb4+ P@c5 22. Qxb2 B@a5+ 
23. P@d2 Bxc7 24. Nxc7 Qxc7 25. N@b5 Qd7 26. dxc5 N@a4 27. Qa3 Naxc5 28. B@d6+ 
Nxd6 29. Qxc5 N@e4 30. Qc7 B@b6 31. Qxd7 Bxf2+ 32. Ke2 Bxd7 33. Nxd6 Nxd6 
34. P@e7+ Kxe7 35. Q@e5 Q@d4 36. Qxd4 Bxd4 
{JKiller forfeits on time} 0-1

[Event "fics rated crazyhouse match"]
[Site "fics, Oklahoma City, OK USA"]
[Date "2000.09.30"]
[White "Igy"]
[WhiteElo "2354"]
[Black "JKiller"]
[BlackElo "2543"]
[TimeControl "120+0"]
[Result "0-1"]

1. e4 e6 2. Nc3 Nc6 3. d4 Nf6 4. Bg5 Be7 5. Nf3 d6 6. Bb5 
a6 7. Bxc6+ bxc6 8. e5 Nd5 9. Bxe7 Qxe7 10. Nxd5 exd5 11. B@h4 B@f6 
12. Bxf6 gxf6 13. N@g7+ Kd8 14. N@f5 Bxf5 15. Nxf5 Qe6 16. Ng7 Qe7 17. Nf5 
Qd7 18. B@e7+ Kc8 19. Nxd6+ cxd6 20. exd6 Re8 21. P@e5 B@b4+ 22. B@c3 Bxd6 
23. Bxf6 N@f4 24. Rg1 P@e3 25. fxe3 Bxe5 26. dxe5 P@f2+ 27. Kxf2 N@e4+ 28. Kf1 
B@e2+ 29. Qxe2 Nxe2 30. Bh4 N@g3+ 31. Bxg3 N2xg3+ 32. hxg3 Q@f2# 
{Igy checkmated} 0-1

[Event "fics rated crazyhouse match"]
[Site "fics, Oklahoma City, OK USA"]
[Date "2000.09.30"]
[White "JKiller"]
[WhiteElo "2547"]
[Black "Igy"]
[BlackElo "2350"]
[TimeControl "120+0"]
[Result "1-0"]

1. e4 e6 2. d4 d5 3. exd5 exd5 4. Bb5+ P@c6 5. Qe2+ Qe7 6. Nc3 
Nf6 7. P@e5 cxb5 8. exf6 gxf6 9. Nxd5 Qxe2+ 10. Nxe2 B@d8 11. N@h5 P@g7 
12. P@h6 Q@g6 13. hxg7 Bxg7 14. P@e7 Bxe7 15. Nxg7+ Qxg7 16. Nxc7+ Kd7 17. Nxa8 
Na6 18. B@h3+ P@e6 19. R@g3 P@g5 20. d5 N@e4 21. dxe6+ fxe6 22. Bxe6+ Kxe6 
23. Nd4+ Kf7 24. P@e6+ Bxe6 25. Nxe6 Kxe6 26. Re3 f5 27. B@h3 P@g4 28. Bxg4 
fxg4 29. Rxe4+ P@e5 30. N@d4+ Kf7 31. Q@e6+ Kf8 32. P@h6 B@b4+ 33. P@c3 Qxh6 
34. Qxh6+ P@g7 35. Q@c8+ B@e8 36. Ne6+ Kf7 37. Qxg7# 
{Igy checkmated} 1-0

[Event "fics rated crazyhouse match"]
[Site "fics, Oklahoma City, OK USA"]
[Date "2000.09.30"]
[White "Igy"]
[WhiteElo "2346"]
[Black "JKiller"]
[BlackElo "2551"]
[TimeControl "120+0"]
[Result "1-0"]

1. e4 e6 2. Nc3 Nc6 3. d4 Nf6 4. e5 Nd5 5. Nxd5 exd5 6. Nf3 
d6 7. Bg5 Qd7 8. Bb5 N@e4 9. Bh4 Qg4 10. Bg3 Nxg3 11. hxg3 Qe4+ 
12. N@e3 B@a5+ 13. Kf1 a6 14. Bxc6+ bxc6 15. N@g5 B@b5+ 16. Kg1 dxe5 17. Nxe4 
dxe4 18. Nxe5 P@e2 19. Qc1 N@d1 20. Kh2 Nxf2 21. P@b7 Be7 22. bxa8=Q O-O 
23. N@h5 Bg5 24. Qxc8 Rxc8 25. Nf5 Bxc1 26. Ne7+ Kf8 27. Q@g8+ Kxe7 28. Qxf7+ 
Kd6 29. P@c5# 
{JKiller checkmated} 1-0

[Event "fics rated crazyhouse match"]
[Site "fics, Oklahoma City, OK USA"]
[Date "2000.09.30"]
[White "JKiller"]
[WhiteElo "2539"]
[Black "Igy"]
[BlackElo "2358"]
[TimeControl "120+0"]
[Result "1-0"]

1. e4 Nf6 2. e5 d5 3. exf6 exf6 4. d4 Nc6 5. Nc3 Bb4 6. Ne2 
O-O 7. Ng3 Re8+ 8. Be2 Bg4 9. f3 Bxc3+ 10. bxc3 Bc8 11. O-O N@h4 
12. Bd3 P@h3 13. gxh3 Bxh3 14. Rf2 P@e3 15. Bxe3 Rxe3 16. N@f4 B@g2 17. Nxh3 
Bxh3 18. B@d2 Qe7 19. B@f4 Re6 20. P@f5 Nxd4 21. cxd4 P@e3 22. Bdxe3 Rxe3 
23. P@e6 Rxf3 24. Rxf3 Nxf3+ 25. Qxf3 N@h4 26. Qe3 R@g2+ 27. Kh1 B@f3 28. P@g6 
Rf2+ 29. Qxf3 Rxf3 30. gxf7+ Kh8 31. R@g8+ Rxg8 32. fxg8=Q+ Kxg8 33. P@f7+ Qxf7 
34. exf7+ Kxf7 35. Q@e6# 
{Igy resigns} 1-0

[Event "fics rated crazyhouse match"]
[Site "fics, Oklahoma City, OK USA"]
[Date "2000.09.30"]
[White "Igy"]
[WhiteElo "2354"]
[Black "JKiller"]
[BlackElo "2543"]
[TimeControl "120+0"]
[Result "0-1"]

1. e4 e6 2. Nc3 Nc6 3. d4 Nf6 4. Nf3 d5 5. exd5 Nxd5 6. Bb5 
Nxc3 7. bxc3 N@e4 8. Bd2 Bd7 9. O-O P@g4 10. Bxc6 Bxc6 11. Ne5 Nxd2 
12. Qxd2 Bxg2 13. Kxg2 B@c6+ 14. Kg1 P@f3 15. B@h5 Bd6 16. Nxf7 B@g6 17. Bxg6 
hxg6 18. Nxh8 Kd7 19. B@f7 Qf6 20. N@e5+ Qxe5 21. Bxe6+ Qxe6 22. N@c5+ Bxc5 
23. dxc5+ B@d5 24. P@h3 N@e2+ 25. Qxe2 fxe2 
{Igy resigns} 0-1

[Event "fics rated crazyhouse match"]
[Site "fics, Oklahoma City, OK USA"]
[Date "2000.09.30"]
[White "JKiller"]
[WhiteElo "2547"]
[Black "Igy"]
[BlackElo "2350"]
[TimeControl "120+0"]
[Result "0-1"]

1. e4 Nf6 2. Nc3 d5 3. exd5 Nxd5 4. Nxd5 Qxd5 5. N@e3 Qd8 6. d4 
e6 7. Nf3 Nc6 8. Bb5 Bd7 9. d5 exd5 10. Nxd5 P@e6 11. Ne3 P@e4 
12. Nd2 N@d6 13. P@c5 Nxb5 14. Nxe4 B@g6 15. Ng3 Bxc5 16. P@h5 Bxc2 17. Nxc2 
Nbd4 18. B@d3 e5 19. P@g6 Qf6 20. Ne4 Nxc2+ 21. Qxc2 Bxf2+ 22. Kd1 Bg4+ 
23. N@e2 Qe7 24. Nxf2 Bxe2+ 25. Qxe2 N@d4 26. gxf7+ Qxf7 27. B@g6 hxg6 28. Bxg6 
O-O-O 29. B@g4+ Kb8 30. Bxf7 Nxe2+ 31. Kxe2 Q@c2+ 32. Kf1 Rd1# 
{JKiller forfeits on time} 0-1

[Event "fics rated crazyhouse match"]
[Site "fics, Oklahoma City, OK USA"]
[Date "2000.09.30"]
[White "ronenl"]
[WhiteElo "2235"]
[Black "spurs"]
[BlackElo "2314"]
[TimeControl "60+0"]
[Result "1-0"]

1. e4 e6 2. Nc3 d5 3. d4 Bb4 4. exd5 Bxc3+ 5. bxc3 exd5 6. Nf3 
Qe7+ 7. Qe2 Bg4 8. P@e5 Bxf3 9. gxf3 P@e4 10. fxe4 dxe4 11. Qxe4 Nd7 
12. Qxb7 Rb8 13. Qg2 Nxe5 14. dxe5 Qxe5+ 15. P@e3 Qxc3+ 16. B@d2 Qxa1 17. B@c3 
P@b2 18. Bxb2 Rxb2 19. Qxg7 B@f6 20. P@d7+ Kxd7 21. Qxf7+ P@e7 22. Bh3+ Kc6 
23. Qc4+ P@c5 24. N@a5+ Kb6 25. P@d4 N@f3+ 26. Kf1 Nxd2+ 27. Kg2 B@f3+ 28. Kg3 
N@e4+ 29. Kf4 P@g5+ 30. Kf5 Nd6+ 31. Ke6 P@f7+ 32. Kd7 N6xc4 33. Nxc4+ Kb7 
34. N@a5+ Kb8 35. P@b7 R@d8+ 36. Kxd8 Q@f8+ 37. Kd7 
{spurs forfeits on time} 1-0

[Event "fics rated crazyhouse match"]
[Site "fics, Oklahoma City, OK USA"]
[Date "2000.09.30"]
[White "spurs"]
[WhiteElo "2304"]
[Black "ronenl"]
[BlackElo "2245"]
[TimeControl "60+0"]
[Result "1-0"]

1. d4 e6 2. Nf3 d5 3. Bg5 Be7 4. Bxe7 Qxe7 5. e3 Nf6 6. Nc3 
Rg8 7. Bb5+ c6 8. Be2 Nbd7 9. B@g3 B@a5 10. Ne5 Nxe5 11. dxe5 Ne4 
12. N@d6+ Kf8 13. Nxe4 dxe4 14. Qd6 N@f5 15. Qxe7+ Kxe7 16. Q@c5+ Ke8 17. Qxa5 
b6 18. Qa3 N@d5 19. B@h4 Kd7 20. Nxd5 cxd5 21. Bb5+ Kc7 22. N@d4 Nxd4 
23. exd4 N@f5 24. N@e3 Nxe3 25. fxe3 N@f5 26. N@a6+ Bxa6 27. Bxa6 Nxe3 28. Qd6# 
{ronenl checkmated} 1-0

[Event "fics rated crazyhouse match"]
[Site "fics, Oklahoma City, OK USA"]
[Date "2000.09.30"]
[White "ronenl"]
[WhiteElo "2238"]
[Black "spurs"]
[BlackElo "2311"]
[TimeControl "60+0"]
[Result "1-0"]

1. e4 e6 2. Nc3 d5 3. exd5 exd5 4. Bb5+ Nc6 5. Qe2+ Qe7 6. Nxd5 
Qxe2+ 7. Nxe2 Bd6 8. P@c5 Be5 9. d4 P@e6 10. dxe5 exd5 11. P@d6 Bd7 
12. dxc7 N@e4 13. Nf4 Nge7 14. P@d6 Nf5 15. B@h3 O-O 16. Bxc6 bxc6 17. Bxf5 
Bxf5 18. N@e7+ Kh8 19. Nxf5 B@g4 20. N@e3 Bxf5 21. B@f6 B@h6 22. Nxf5 gxf6 
23. Nxh6 B@g7 24. Nf5 N@e8 25. exf6 Bxf6 26. P@g7+ Nxg7 27. B@h6 P@d2+ 28. Bxd2 
Nxd2 29. Bxg7+ Bxg7 30. Nxg7 Nf3+ 31. gxf3 Rae8+ 32. Kf1 P@e2+ 33. Nxe2 B@h3+ 
34. P@g2 Bxg2+ 35. Kg1 B@h3 36. N@g6+ hxg6 37. Q@h4+ Kg8 38. Nf4 
{spurs forfeits on time} 1-0

[Event "fics rated crazyhouse match"]
[Site "fics, Oklahoma City, OK USA"]
[Date "2000.10.01"]
[White "Thufir"]
[WhiteElo "2338"]
[Black "spurs"]
[BlackElo "2281"]
[TimeControl "60+0"]
[Result "0-1"]

1. e4 e6 2. Nc3 d5 3. exd5 exd5 4. d4 Bb4 5. Bb5+ Bd7 6. Qe2+ 
Qe7 7. Bxd7+ Nxd7 8. B@f4 Bxc3+ 9. bxc3 Qxe2+ 10. Nxe2 B@d8 11. B@a3 P@e7 
12. O-O Ngf6 13. P@e5 Nh5 14. Ng3 Nxg3 15. fxg3 N@e2+ 16. Kh1 Q@g1# 
{Thufir resigns} 0-1

[Event "fics rated crazyhouse match"]
[Site "fics, Oklahoma City, OK USA"]
[Date "2000.10.01"]
[White "spurs"]
[WhiteElo "2290"]
[Black "Thufir"]
[BlackElo "2329"]
[TimeControl "60+0"]
[Result "0-1"]

1. d4 e6 2. Nf3 Nc6 3. Bg5 Be7 4. Bxe7 Qxe7 5. Nc3 f6 6. e4 
Nh6 7. Bb5 Ng4 8. Bxc6 bxc6 9. B@h4 B@h5 10. e5 O-O 11. h3 Nxf2 
12. Kxf2 P@g5 13. Bg3 Bxf3 14. Qxf3 fxe5 15. B@f4 exf4 16. Bh2 P@e3+ 17. Kf1 
N@d2+ 18. Ke2 Nxf3 19. gxf3 Q@d2# 
{spurs resigns} 0-1

[Event "fics rated crazyhouse match"]
[Site "fics, Oklahoma City, OK USA"]
[Date "2000.10.01"]
[White "Thufir"]
[WhiteElo "2336"]
[Black "spurs"]
[BlackElo "2283"]
[TimeControl "60+0"]
[Result "1-0"]

1. e4 e5 2. Nc3 Bb4 3. Bc4 Bxc3 4. bxc3 d6 5. Nf3 Qe7 6. B@b3 
Be6 7. Bxe6 fxe6 8. B@c4 B@f7 9. d3 Nf6 10. Ng5 N@d8 11. Nxf7 Qxf7 
12. Bg5 N@f8 13. Bxf6 gxf6 14. N@h6 Qg6 15. B@h5 B@f7 16. Bxg6 hxg6 17. Nxf7 
Nxf7 18. Bxe6 Nxe6 19. Bxe6 Ke7 20. Bxf7 
{spurs resigns} 1-0

[Event "fics rated crazyhouse match"]
[Site "fics, Oklahoma City, OK USA"]
[Date "2000.10.01"]
[White "spurs"]
[WhiteElo "2276"]
[Black "Thufir"]
[BlackElo "2343"]
[TimeControl "60+0"]
[Result "0-1"]

1. d4 e6 2. Nf3 Nc6 3. Bg5 f6 4. Bh4 Nh6 5. e4 Be7 6. Nc3 
O-O 7. Bc4 Kh8 8. d5 Ne5 9. Bb3 Nxf3+ 10. Qxf3 N@e5 11. Qe2 exd5 
12. Nxd5 P@g5 13. Bg3 d6 14. Bxe5 dxe5 15. Nxe7 B@b4+ 16. P@c3 Bxe7 17. Rd1 
N@f4 18. Rxd8 Rxd8 19. Q@h5 Nxh5 20. Qxh5 Q@d2+ 21. Kf1 R@e1# 
{spurs checkmated} 0-1

[Event "fics rated crazyhouse match"]
[Site "fics, Oklahoma City, OK USA"]
[Date "2000.10.01"]
[White "Thufir"]
[WhiteElo "2349"]
[Black "spurs"]
[BlackElo "2270"]
[TimeControl "60+0"]
[Result "1-0"]

1. e4 e6 2. Nc3 d5 3. exd5 exd5 4. d4 Bb4 5. Nf3 Bd7 6. Be2 
Qe7 7. O-O Bxc3 8. bxc3 P@h3 9. gxh3 Bxh3 10. Re1 P@e4 11. Ng5 Bd7 
12. P@d3 h6 13. Nxe4 dxe4 14. dxe4 N@h3+ 15. Kf1 Qxe4 16. Bf3 P@e2+ 17. Rxe2 
Qxe2+ 18. Qxe2+ R@e7 19. P@e5 N@f4 20. Bxf4 Nxf4 21. Qd2 B@a6+ 22. P@d3 Ng6 
23. P@h5 Bh3+ 24. P@g2 Nh4 25. B@e4 Nxf3 26. Bxf3 Bd7 27. N@d5 B@g5 28. Qe2 
Bc6 29. Nxe7 Nxe7 30. Bxc6+ Nbxc6 31. B@e3 Bxe3 32. fxe3 B@g5 33. N@e4 B@f5 
34. Nxg5 hxg5 35. B@c5 Bfxd3 36. cxd3 Bxd3 37. Qxd3 P@e4 38. Qd2 P@d3 39. B@d7+ 
Kxd7 40. Bxe7 Kxe7 41. Kg1 Kf8 42. B@b4+ Kg8 43. N@e7+ Kh7 44. Ng6 Kh6 
45. Kh1 Kxh5 46. R@h4# 
{spurs forfeits on time} 1-0

[Event "fics rated crazyhouse match"]
[Site "fics, Oklahoma City, OK USA"]
[Date "2000.10.01"]
[White "spurs"]
[WhiteElo "2264"]
[Black "Thufir"]
[BlackElo "2355"]
[TimeControl "60+0"]
[Result "0-1"]

1. d4 e6 2. Nf3 Nc6 3. Nc3 Nf6 4. Bg5 Be7 5. Bxf6 Bxf6 6. e4 
B@g4 7. Bb5 a6 8. Bxc6 bxc6 9. e5 Bg5 10. N@e4 Bxf3 11. Qxf3 N@h4 
12. Qg3 B@f4 13. Qg4 h5 14. Qh3 d6 15. B@g3 Bxg3 16. hxg3 B@g4 17. Qh2 
Nf5 18. B@f6 gxf6 19. exf6 Bxf6 20. Nxf6+ Qxf6 21. P@e5 dxe5 22. B@h4 Nxh4 
23. Qxh4 B@g5 24. Ne4 P@d2+ 25. Kf1 P@e2+ 26. Kg1 e1=Q+ 27. Kh2 Qxh1+ 28. Rxh1 
Bxh4 29. Nxf6+ Bxf6 30. dxe5 Bf5 31. N@e4 N@g4+ 32. Kh3 Nxf2+ 33. Kh2 N@g4+ 
34. Kg1 d1=Q+ 35. N@e1 Qxe1+ 36. Q@f1 N@e2# 
{spurs checkmated} 0-1

[Event "fics rated crazyhouse match"]
[Site "fics, Oklahoma City, OK USA"]
[Date "2000.10.01"]
[White "LINDEGREN"]
[WhiteElo "2392"]
[Black "Mori"]
[BlackElo "2285"]
[TimeControl "120+0"]
[Result "0-1"]

1. e4 e6 2. Nc3 Nc6 3. d4 Nf6 4. Nf3 d5 5. exd5 exd5 6. Be2 
Bb4 7. Bd2 Bxc3 8. bxc3 Ne4 9. P@d3 Nxf2 10. Kxf2 N@g4+ 11. Kf1 P@e3 
12. B@h3 Nf2 13. Bxc8 Nxd1 14. Ke1 exd2+ 15. Kxd1 P@b2 16. B@d7+ Kf8 17. Kxd2 
bxa1=Q 18. Rxa1 B@b2 19. Rb1 Rxc8 20. Rxb2 B@a1 21. B@a3+ Ne7 22. Rb1 Bxc3+ 
23. Kxc3 Qxd7 24. N@e5 Qe6 25. P@d7 Rd8 26. N@f4 Qxe5 27. Nxe5 N@a4+ 28. Kb3 
Q@c3+ 29. Kxa4 R@a5# 
{LINDEGREN checkmated} 0-1

[Event "fics rated crazyhouse match"]
[Site "fics, Oklahoma City, OK USA"]
[Date "2000.10.01"]
[White "Thufir"]
[WhiteElo "2362"]
[Black "LINDEGREN"]
[BlackElo "2382"]
[TimeControl "120+0"]
[Result "0-1"]

1. e4 Nf6 2. Nc3 Nc6 3. d4 d5 4. e5 Ne4 5. Nf3 e6 6. Bd3 
Bb4 7. Bxe4 dxe4 8. Ng5 B@g6 9. Be3 Bxc3+ 10. bxc3 N@h4 11. B@h3 O-O 
12. N@f4 Qxg5 13. Nxe6 Nxg2+ 14. Kf1 Nxe3+ 15. fxe3 fxe6+ 16. P@f4 Rxf4+ 17. exf4 
N@e3+ 18. Ke2 Nxd1 19. fxg5 Q@e3+ 20. Kxd1 N@b2# 
{Thufir checkmated} 0-1

[Event "fics rated crazyhouse match"]
[Site "fics, Oklahoma City, OK USA"]
[Date "2000.10.01"]
[White "LINDEGREN"]
[WhiteElo "2390"]
[Black "Thufir"]
[BlackElo "2354"]
[TimeControl "120+0"]
[Result "1-0"]

1. e4 e6 2. Nc3 Nc6 3. d4 Nf6 4. a3 d5 5. exd5 exd5 6. Nf3 
Be7 7. Bb5 Bd7 8. Bxc6 bxc6 9. Ne5 O-O 10. P@h6 gxh6 11. Bxh6 Re8 
12. P@g5 Ng4 13. O-O Nxe5 14. dxe5 Bxg5 15. N@f6+ Bxf6 16. exf6 Qxf6 17. B@g5 
Qe6 18. N@f6+ Kh8 19. Ncxd5 P@g7 20. Bxg7+ Kxg7 21. Nxe8+ Rxe8 22. Bf6+ Qxf6 
23. Nxf6 Kxf6 24. P@g5+ Ke7 25. Q@f6+ Kf8 26. R@h8+ N@g8 27. P@g7# 
{Thufir checkmated} 1-0

[Event "fics rated crazyhouse match"]
[Site "fics, Oklahoma City, OK USA"]
[Date "2000.10.01"]
[White "Thufir"]
[WhiteElo "2347"]
[Black "LINDEGREN"]
[BlackElo "2397"]
[TimeControl "120+0"]
[Result "0-1"]

1. e4 Nf6 2. e5 Nd5 3. d4 e6 4. Nf3 d6 5. Be2 Nc6 6. O-O 
Bd7 7. c4 Nb6 8. exd6 Bxd6 9. Be3 P@d5 10. c5 Be7 11. cxb6 axb6 
12. N@h5 Rg8 13. P@e5 P@f6 14. exf6 gxf6 15. P@g3 P@e4 16. Ne1 e5 17. dxe5 
Nxe5 18. Qxd5 Bc6 19. Bb5 Qxd5 20. Bxc6+ Qxc6 21. Nc3 B@c4 22. P@d5 Qd7 
23. Nxe4 P@e2 24. Nexf6+ Bxf6 25. Nxf6+ Kd8 26. Nc2 exf1=Q+ 27. Rxf1 Bxd5 28. Nxd7 
N@h3+ 29. Kh1 Bxg2+ 30. Kxg2 P@f3+ 31. Kxh3 Q@g4# 
{Thufir checkmated} 0-1